3AA
ASHEVILLE HIGHLANDERS @ BILLINGS POLAR BEARS
09/16/2042
 
TOP OF THE 1ST
Asheville Highlanders batting - Pitching for Billings Polar Bears : RHP Austin Cunningham
Pitching: RHP Austin Cunningham
Batting: LHB Juan Sapinoso 0-0: Ball
1-0: Ball
2-0: Ball
3-0: Base on Balls
Batting: RHB Tikaroa Hakapuna 0-0: Ball
1-0: Ball
2-0: Called Strike
2-1: Fly out, F8 (Flyball, 8RM, EV 90.0 MPH)
Batting: SHB Wendell Palmer 0-0: Ball
1-0: Ball
2-0: Called Strike
2-1: Called Strike
2-2: Ball
3-2: Fly out, F4 (Flyball, 34D, EV 88.8 MPH)
Batting: SHB Dean Barthorpe 0-0: Ball
1-0: Called Strike
1-1: Fly out, F9 (Flyball, 9LS, EV 86.2 MPH)
Top of the 1st over - 0 runs, 0 hits, 0 errors, 1 left on base; Asheville 0 - Billings 0
BOTTOM OF THE 1ST
Billings Polar Bears batting - Pitching for Asheville Highlanders : RHP Rubén Santana
Pitching: RHP Rubén Santana
Batting: SHB Leonardo Rodríguez 0-0: Ground out 6-3 (Groundball, 6M, EV 84.4 MPH)
Batting: RHB Shalom Gestel 0-0: Foul Ball, location: 2F
0-1: Foul Ball, location: 2F
0-2: Ball
1-2: Ball
2-2: Ball
3-2: Foul Ball, location: 2F
3-2: Foul Ball, location: 2F
3-2: Base on Balls
Batting: RHB Rupert Bethune 0-0: Ball
Shalom Gestel steals 2nd, throwing error, E2
Shalom Gestel to third
1-0: Called Strike
1-1: Swinging Strike
1-2: Fly out, F8 (Flyball, 89D, EV 103.8 MPH)
Batting: LHB Jorge Cruz 0-0: Called Strike
0-1: Ball
1-1: Ball
2-1: Ball
3-1: Called Strike
3-2: SINGLE (Flyball, 9S, EV 92.5 MPH)
Shalom Gestel scores
Batting: RHB Jesse Winters 0-0: Ball
1-0: Called Strike
1-1: Ball
2-1: Foul Ball, location: 2F
2-2: Foul Ball, location: 2F
2-2: Ball
3-2: SINGLE (Line Drive, 78S, EV 106.2 MPH)
Jorge Cruz to second
Jorge Cruz to third
Batting: RHB Gary Panniers 0-0: Ball
1-0: Ball
2-0: Ball
3-0: Called Strike
3-1: Reached on error, E1 (Groundball, 34S, EV 83.1 MPH)
Jorge Cruz scores
Jesse Winters to second
Batting: LHB Stanley Bell 0-0: Swinging Strike
0-1: Ball
1-1: Ball
2-1: Ball
3-1: DOUBLE (Flyball, 78D, EV 96.2 MPH)
Jesse Winters scores
Gary Panniers to third
Runner from 3rd tries for Home, SAFE, throw by CF to trailing runner, SAFE at third!
Batting: RHB Pleun Vleugel 0-0: Fly out, F7 (Flyball, 78D, EV 95.6 MPH)
Bottom of the 1st over - 4 runs, 3 hits, 2 errors, 1 left on base; Asheville 0 - Billings 4
TOP OF THE 2ND
Asheville Highlanders batting - Pitching for Billings Polar Bears : RHP Austin Cunningham
Batting: RHB Tony Castellanos 0-0: Ball
1-0: Fly out, F8 (Flyball, 8LXD, EV 105.6 MPH)
Batting: RHB Joe Frank 0-0: Called Strike
0-1: Foul Ball, location: 2F
0-2: Hit by Pitch
Batting: RHB Lane Ruffin 0-0: Foul Ball, location: 2F
0-1: Ball
Joe Frank is caught stealing 2nd base 2-4
1-1: Ball
2-1: Fly out, F8 (Flyball, 8LD, EV 89.4 MPH)
Top of the 2nd over - 0 runs, 0 hits, 0 errors, 0 left on base; Asheville 0 - Billings 4
BOTTOM OF THE 2ND
Billings Polar Bears batting - Pitching for Asheville Highlanders : RHP Rubén Santana
Batting: RHB Kelly Johnson 0-0: Ball
1-0: Ball
2-0: Ball
3-0: Called Strike
3-1: Fly out, F8 (Line Drive, 8RD, EV 92.5 MPH)
Batting: SHB Leonardo Rodríguez 0-0: Ball
1-0: Called Strike
1-1: Ball
2-1: Ground out 4-3 (Groundball, 4, EV 84.4 MPH)
Batting: RHB Shalom Gestel 0-0: Ball
1-0: Called Strike
1-1: Swinging Strike
1-2: Fly out, F8 (Flyball, 8RD, EV 106.9 MPH)
Bottom of the 2nd over - 0 runs, 0 hits, 0 errors, 0 left on base; Asheville 0 - Billings 4
TOP OF THE 3RD
Asheville Highlanders batting - Pitching for Billings Polar Bears : RHP Austin Cunningham
Batting: RHB Ted Murphy 0-0: Ball
1-0: Foul Ball, location: 2F
1-1: Ground out 6-3 (Groundball, 6, EV 85.6 MPH)
Batting: RHB Dan Olson 0-0: Ball
1-0: Ball
2-0: SINGLE (Groundball, 5D, EV 105.6 MPH)
Batting: LHB Juan Sapinoso 0-0: Ball
1-0: Ball
2-0: Called Strike
2-1: Called Strike
2-2: Foul Ball, location: 2F
2-2: Ball
3-2: Strikes out swinging
Batting: RHB Tikaroa Hakapuna 0-0: Ball
1-0: Ball
2-0: Called Strike
2-1: Ball
3-1: Called Strike
3-2: Base on Balls
Dan Olson to second
Batting: SHB Wendell Palmer 0-0: Ball
Wild Pitch!
Dan Olson to third
Tikaroa Hakapuna to second
1-0: Foul Ball, location: 2F
1-1: Ball
2-1: Ground out 3-1 (Groundball, 34S, EV 66.2 MPH)
Top of the 3rd over - 0 runs, 1 hit, 0 errors, 2 left on base; Asheville 0 - Billings 4
BOTTOM OF THE 3RD
Billings Polar Bears batting - Pitching for Asheville Highlanders : RHP Rubén Santana
Batting: RHB Rupert Bethune 0-0: Swinging Strike
0-1: Ball
1-1: SINGLE (Line Drive, 8LS, EV 93.1 MPH)
Batting: LHB Jorge Cruz 0-0: Ball
1-0: Called Strike
1-1: Foul Ball, location: 2F
1-2: Foul Ball, location: 2F
1-2: Ball
2-2: Fly out, F7 (Flyball, 7S, EV 93.1 MPH)
Batting: RHB Jesse Winters 0-0: Ball
1-0: SINGLE (Line Drive, 78M, EV 106.2 MPH)
Rupert Bethune to second
Batting: RHB Gary Panniers 0-0: Ball
1-0: Ball
2-0: Foul Ball, location: 2F
2-1: Called Strike
2-2: Ball
3-2: Base on Balls
Rupert Bethune to third
Jesse Winters to second
Batting: LHB Stanley Bell 0-0: Called Strike
0-1: Ball
1-1: Foul Ball, location: 2F
1-2: Fly out, F7 (Flyball, 7S, EV 86.2 MPH)
Batting: RHB Pleun Vleugel 0-0: Ball
1-0: Called Strike
1-1: Ball
2-1: SINGLE (Flyball, 89S, EV 88.1 MPH)
Rupert Bethune scores
Jesse Winters to third
Gary Panniers to second
Runner from 3rd tries for Home, SAFE, no throw by RF
Batting: RHB Kelly Johnson 0-0: Ball
1-0: Called Strike
1-1: Foul Ball, location: 2F
1-2: Ball
2-2: SINGLE (Groundball, 56D, EV 94.4 MPH)
Gary Panniers to third
Pleun Vleugel to second
Runner from 3rd tries for Home, SAFE, no throw by LF
Pitching: RHP Jesús Gordini
Batting: SHB Leonardo Rodríguez 0-0: Reached on error, E6 (Groundball, 6M, EV 94.4 MPH)
Pleun Vleugel to third
Kelly Johnson to second
Batting: RHB Shalom Gestel 0-0: Ball
1-0: Ball
2-0: Called Strike
2-1: Foul Ball, location: 2F
2-2: Ball
3-2: SINGLE (Line Drive, 78S, EV 88.1 MPH)
Pleun Vleugel scores
Kelly Johnson to third
Leonardo Rodríguez to second
Kelly Johnson scores
Leonardo Rodríguez to third
Batting: RHB Rupert Bethune 0-0: Ball
1-0: Called Strike
1-1: Foul Ball, location: 2F
1-2: Ball
2-2: Ball
3-2: Strikes out swinging
Bottom of the 3rd over - 5 runs, 5 hits, 1 error, 2 left on base; Asheville 0 - Billings 9
TOP OF THE 4TH
Asheville Highlanders batting - Pitching for Billings Polar Bears : RHP Austin Cunningham
Batting: SHB Dean Barthorpe 0-0: Fly out, F8 (Flyball, 8LD, EV 94.4 MPH)
Batting: RHB Tony Castellanos 0-0: Fly out, F9 (Line Drive, 9, EV 92.5 MPH)
Batting: RHB Joe Frank 0-0: Foul Ball, location: 2F
0-1: Foul Ball, location: 2F
0-2: Ball
1-2: Ground out 4-3 (Groundball, 4, EV 101.2 MPH)
Top of the 4th over - 0 runs, 0 hits, 0 errors, 0 left on base; Asheville 0 - Billings 9
BOTTOM OF THE 4TH
Billings Polar Bears batting - Pitching for Asheville Highlanders : RHP Jesús Gordini
Batting: LHB Jorge Cruz 0-0: Swinging Strike
0-1: Called Strike
0-2: Ground out 4-3 (Groundball, 4, EV 86.9 MPH)
Batting: RHB Jesse Winters 0-0: Foul Ball, location: 2F
0-1: Ball
1-1: Fly out, F7 (Flyball, 7S, EV 83.1 MPH)
Batting: RHB Gary Panniers 0-0: Ground out 6-3 (Groundball, 6, EV 108.8 MPH)
Bottom of the 4th over - 0 runs, 0 hits, 0 errors, 0 left on base; Asheville 0 - Billings 9
TOP OF THE 5TH
Asheville Highlanders batting - Pitching for Billings Polar Bears : RHP Austin Cunningham
Batting: RHB Lane Ruffin 0-0: Ball
1-0: Fly out, F1 (Line Drive, P, EV 65.0 MPH)
Batting: RHB Ted Murphy 0-0: Ball
1-0: Swinging Strike
1-1: Called Strike
1-2: Ball
2-2: Ball
3-2: Foul Ball, location: 2F
3-2: Ground out 2-3 (Groundball, 2R, EV 72.5 MPH)
Batting: RHB Dan Olson 0-0: SINGLE (Line Drive, 7LM, EV 103.1 MPH)
Batting: LHB Juan Sapinoso 0-0: Called Strike
0-1: Fly out, F8 (Flyball, 8RM, EV 93.8 MPH)
Top of the 5th over - 0 runs, 1 hit, 0 errors, 1 left on base; Asheville 0 - Billings 9
BOTTOM OF THE 5TH
Billings Polar Bears batting - Pitching for Asheville Highlanders : RHP Jesús Gordini
Batting: LHB Stanley Bell 0-0: Foul Ball, location: 2F
0-1: SINGLE (Groundball, 34D, EV 97.5 MPH)
Batting: RHB Pleun Vleugel 0-0: Fly out, F9 (Flyball, 9D, EV 103.1 MPH)
Batting: RHB Kelly Johnson 0-0: Ball
1-0: Called Strike
1-1: Grounds into double play, 5-4-3 (Groundball, 56S, EV 88.8 MPH)
Bottom of the 5th over - 0 runs, 1 hit, 0 errors, 0 left on base; Asheville 0 - Billings 9
TOP OF THE 6TH
Asheville Highlanders batting - Pitching for Billings Polar Bears : RHP Austin Cunningham
Batting: RHB Tikaroa Hakapuna 0-0: SINGLE (Groundball, 6MD, EV 110.6 MPH)
Batting: SHB Wendell Palmer 0-0: Ball
1-0: Foul Ball, location: 2F
1-1: Grounds into double play, 4-6-3 (Groundball, 4, EV 78.8 MPH)
Batting: SHB Dean Barthorpe 0-0: Ball
1-0: Ball
2-0: Ball
3-0: Called Strike
3-1: Called Strike
3-2: SINGLE (Line Drive, 89S, EV 89.4 MPH)
Batting: RHB Tony Castellanos 0-0: Swinging Strike
0-1: Ball
1-1: Ball
2-1: Ball
3-1: Base on Balls
Dean Barthorpe to second
Pitching: RHP Darrel Parker
Batting: RHB Joe Frank 0-0: Ball
1-0: Swinging Strike
1-1: Swinging Strike
1-2: Ball
2-2: Ball
3-2: Strikes out swinging
Top of the 6th over - 0 runs, 2 hits, 0 errors, 2 left on base; Asheville 0 - Billings 9
BOTTOM OF THE 6TH
Billings Polar Bears batting - Pitching for Asheville Highlanders : RHP Jesús Gordini
Batting: SHB Leonardo Rodríguez 0-0: Ball
1-0: Called Strike
1-1: Called Strike
1-2: SINGLE (Flyball, 9LS, EV 83.8 MPH)
Batting: RHB Shalom Gestel 0-0: Ball
1-0: Fielders Choice at 2nd, 1-6 (Groundball, 34S, EV 66.9 MPH)
Batting: RHB Rupert Bethune 0-0: Swinging Strike
0-1: Ball
1-1: Swinging Strike
1-2: Strikes out looking
Batting: LHB Jorge Cruz 0-0: Foul Ball, location: 2F
0-1: DOUBLE (Line Drive, 78D, EV 108.1 MPH)
Shalom Gestel to third
Batting: RHB Jesse Winters 0-0: Ball
1-0: Ball
2-0: Called Strike
2-1: Foul Ball, location: 2F
2-2: SINGLE (Groundball, 6D, EV 95.6 MPH)
Shalom Gestel scores
Jorge Cruz to third
Runner from 3rd tries for Home, SAFE, throw by CF to home
Batting: RHB Gary Panniers 0-0: Ball
1-0: Fly out, F7 (Flyball, 7S, EV 95.0 MPH)
Bottom of the 6th over - 2 runs, 3 hits, 0 errors, 1 left on base; Asheville 0 - Billings 11
TOP OF THE 7TH
Asheville Highlanders batting - Pitching for Billings Polar Bears : RHP Darrel Parker
Batting: RHB Lane Ruffin 0-0: Ball
1-0: Ball
2-0: Ball
3-0: Called Strike
3-1: Foul Ball, location: 2F
3-2: Base on Balls
Batting: RHB Ted Murphy 0-0: Called Strike
0-1: Ball
1-1: Ball
2-1: SINGLE (Groundball, 4MD, EV 100.0 MPH)
Lane Ruffin to second
Batting: RHB Dan Olson 0-0: Ball
1-0: Ball
2-0: DOUBLE (Line Drive, 89D, EV 103.1 MPH)
Lane Ruffin scores
Ted Murphy to third
Batting: LHB Juan Sapinoso 0-0: Ball
1-0: Foul Ball, location: 2F
1-1: Foul Ball, location: 2F
1-2: Fly out, F9 (Flyball, 9, EV 93.8 MPH)
Runner from 3rd tags up, SCORES, throw by RF
Dan Olson to third
Batting: RHB Tikaroa Hakapuna 0-0: Ground out 6-3 (Groundball, 6MD, EV 86.9 MPH)
Dan Olson scores
Batting: SHB Wendell Palmer 0-0: Foul Ball, location: 2F
0-1: Fly out, F7 (Flyball, 78D, EV 80.0 MPH)
Top of the 7th over - 3 runs, 2 hits, 0 errors, 0 left on base; Asheville 3 - Billings 11
BOTTOM OF THE 7TH
Billings Polar Bears batting - Pitching for Asheville Highlanders : RHP Jesús Gordini
Batting: LHB Stanley Bell 0-0: Called Strike
0-1: Ground out 6-3 (Groundball, 56, EV 89.4 MPH)
Batting: RHB Pleun Vleugel 0-0: Ball
1-0: Foul Ball, location: 2F
1-1: Ground out 6-3 (Groundball, 6, EV 82.5 MPH)
Batting: RHB Kelly Johnson 0-0: Foul Ball, location: 2F
0-1: SINGLE (Groundball, 6, EV 109.4 MPH) (infield hit)
Batting: SHB Leonardo Rodríguez 0-0: Called Strike
0-1: Ball
1-1: Ball
2-1: Foul Ball, location: 2F
2-2: Ball
3-2: Strikes out looking
Bottom of the 7th over - 0 runs, 1 hit, 0 errors, 1 left on base; Asheville 3 - Billings 11
TOP OF THE 8TH
Asheville Highlanders batting - Pitching for Billings Polar Bears : RHP Darrel Parker
Batting: SHB Dean Barthorpe 0-0: Foul Ball, location: 2F
0-1: Ball
1-1: Ball
2-1: Ball
3-1: Base on Balls
Pitching: RHP Marty Brooks
Batting: RHB Tony Castellanos 0-0: Called Strike
0-1: Ball
1-1: Ball
2-1: Called Strike
2-2: Strikes out swinging
Batting: RHB Joe Frank 0-0: Called Strike
0-1: Ball
1-1: Foul Ball, location: 2F
1-2: Foul Ball, location: 2F
1-2: Foul Ball, location: 2F
1-2: Fly out, F7 (Flyball, 7S, EV 91.9 MPH)
Batting: RHB Lane Ruffin 0-0: Ball
1-0: Called Strike
1-1: Ball
2-1: Foul Ball, location: 2F
2-2: Foul Ball, location: 2F
2-2: Ball
3-2: Reached on error, E3 (Groundball, 34, EV 86.2 MPH)
Dean Barthorpe to third
Batting: RHB Ted Murphy 0-0: Foul Ball, location: 2F
0-1: Ground out 4-3 (Groundball, 4, EV 78.8 MPH)
Top of the 8th over - 0 runs, 0 hits, 1 error, 2 left on base; Asheville 3 - Billings 11
BOTTOM OF THE 8TH
Billings Polar Bears batting - Pitching for Asheville Highlanders : RHP Jesús Gordini
Batting: RHB Shalom Gestel 0-0: Ball
1-0: Called Strike
1-1: Ball
2-1: SOLO HOME RUN (Flyball, 7LD, EV 101.2 MPH), Distance : 346 ft
Batting: RHB Rupert Bethune 0-0: Called Strike
0-1: Foul Ball, location: 2F
0-2: Strikes out looking
Batting: LHB Jorge Cruz 0-0: Called Strike
0-1: Ball
1-1: Ball
2-1: Ball
3-1: Base on Balls
Pitching: RHP Hyosuke Matsui
Pinch Hitting: RHB Danny Hensley 0-0: Ball
1-0: Swinging Strike
1-1: Foul Ball, location: 2F
1-2: Foul Ball, location: 2F
1-2: Ball
2-2: Foul Ball, location: 2F
2-2: Ball
3-2: Strikes out swinging
Jorge Cruz is caught stealing 2nd base 2-4
Batter strikes out.
Bottom of the 8th over - 1 run, 1 hit, 0 errors, 0 left on base; Asheville 3 - Billings 12
TOP OF THE 9TH
Asheville Highlanders batting - Pitching for Billings Polar Bears : RHP Marty Brooks
Now at 3B: Conan Brown
Batting: RHB Dan Olson 0-0: Called Strike
0-1: Ball
1-1: SINGLE (Flyball, 78S, EV 86.9 MPH)
Batting: LHB Juan Sapinoso 0-0: Ball
1-0: Ball
2-0: Fielders Choice at 2nd, 3-6 (Groundball, 3, EV 89.4 MPH)
Batting: RHB Tikaroa Hakapuna 0-0: Ball
1-0: Fly out, F4 (Popup, 4MD, EV 55.6 MPH)
Batting: SHB Wendell Palmer 0-0: Called Strike
0-1: Ball
1-1: Called Strike
1-2: Ball
2-2: Foul Ball, location: 2F
2-2: Ball
3-2: Foul Ball, location: 2F
3-2: Base on Balls
Juan Sapinoso to second
Batting: SHB Dean Barthorpe 0-0: Called Strike
0-1: Ball
1-1: Fly out, F5 (Popup, 56S, EV 89.4 MPH)
Top of the 9th over - 0 runs, 1 hit, 0 errors, 2 left on base; Asheville 3 - Billings 12
Friday, March 26th, 2021 - OOTP Baseball 20.8 Build 74